 Dungeon Crawl Stone Soup version 0.28.0-53-g5a82cb258f (webtiles) character file.

Game seed: 684053510223394059

102235 clackabat the Phalangite (level 15, 0/145 HPs)
             Began as a Minotaur Berserker on July 7, 2022.
             Was a High Priest of Trog.
             Shot with an arrow by a centaur warrior (15 damage)
             ... on level 14 of the Dungeon on July 12, 2022.
             The game lasted 01:29:38 (27894 turns).

clackabat the Phalangite (Minotaur Berserker)      Turns: 27894, Time: 01:29:39

Health: 0/145      AC: 18    Str: 23    XL:     15   Next: 85%
Magic:  14/14      EV: 23    Int:  4    God:    Trog [*****.]
Gold:   2587       SH:  0    Dex: 16    Spells: 14/14 levels left

rFire   + . .      SeeInvis .   R - +9 bardiche (vorpal)
rCold   . . .      Faith    +   (shield currently unavailable)
rNeg    . . .      Spirit   .   X - +0 fire dragon scales
rPois   .          Reflect  .   (helmet restricted)
rElec   .          Harm     .   x - +1 cloak of Starlight {*Dazzle EV+4 Stlth--}
rCorr   .          Rampage  .   V - +0 pair of gloves
Will    +....                   b - +0 pair of boots
Stlth   ..........              t - amulet of faith
HPRegen 1.34/turn               J - +4 ring of evasion
MPRegen 0.14/turn               W - ring of ice

@: weak-willed, strong-willed, on berserk cooldown, regenerating, slowed, very
slow
A: horns 2, retaliatory headbutt
a: Renounce Religion, Berserk, Trog's Hand, Brothers in Arms


You were on level 14 of the Dungeon.
You worshipped Trog.
Trog was extremely pleased with you.
You visited 4 branches of the dungeon, and saw 23 of its levels.
You also visited: Ossuary and Volcano.

You collected 2851 gold pieces.
You spent 264 gold pieces at shops.

Inventory:

Hand Weapons
 a - a +0 trident of flaming
 m - a +3 antimagic bardiche
 p - a +6 antimagic halberd
 D - a +2 vampiric trident
 O - a +4 vorpal halberd
 R - a +9 vorpal bardiche (weapon)
Missiles
 l - 2 throwing nets
 P - 9 javelins (quivered)
Armour
 b - a +0 pair of boots (worn)
 f - a +0 chain mail of fire resistance
 x - the +1 cloak of Starlight (worn) {*Dazzle EV+4 Stlth--}
   (You acquired it on level 9 of the Dungeon)

   It may blind those who miss an attack against the wearer in melee combat.
   EV:        It affects your evasion (+4).
   Stlth:     It makes you much less stealthy.
 F - a scarf of repulsion
 V - a +0 pair of gloves (worn)
 X - +0 fire dragon scales (worn)
Jewellery
 h - a ring of ice
 t - an amulet of faith (around neck)
 A - an amulet of magic regeneration
 H - an amulet of the acrobat
 J - a +4 ring of evasion (left hand)
 L - a ring of see invisible
 M - a ring of resist corrosion
 Q - a ring of poison resistance
 W - a ring of ice (right hand)
Wands
 e - a wand of digging (7)
 k - a wand of flame (36)
 n - a wand of iceblast (3)
 z - a wand of acid (9)
 B - a wand of charming (16)
 I - a wand of polymorph (12)
 N - a wand of paralysis (5)
 Z - a wand of mindburst (2)
Scrolls
 d - 3 scrolls of fog
 g - a scroll of fear
 j - 7 scrolls of teleportation
 q - 2 scrolls of identify
 w - 2 scrolls of blinking
 y - 3 scrolls of vulnerability
 C - a scroll of brand weapon
 E - a scroll of silence
 K - 2 scrolls of enchant armour
 U - 4 scrolls of magic mapping
 Y - a scroll of summoning
Potions
 c - 7 potions of invisibility
 i - a potion of attraction
 o - 3 potions of mutation
 r - a potion of berserk rage
 s - 11 potions of curing
 u - 6 potions of heal wounds
 v - 5 potions of haste
 G - 6 potions of might
 S - 4 potions of resistance
 T - 7 potions of ambrosia


   Skills:
 + Level 16.5 Fighting
 * Level 25.6 Polearms
 - Level 8.2 Throwing
 + Level 12.7 Armour
 + Level 9.9 Dodging


You had 14 spell levels left.
You didn't know any spells.
Your spell library was empty.

Dungeon Overview and Level Annotations

Branches:
Dungeon (14/15)            Temple (0/1) D:7            Lair (6/6) D:10
 Shoals (0/4) Lair:4        Snake (0/4) Lair:4        Slime (0/5) Lair:5
    Orc (2/2) D:12            Elf (1/3) Orc:2        Vaults (0/5) D:13
Ossuary (visited)         Volcano (visited)

Altars:
Ashenzari
Cheibriados
Dithmenos
Gozag
Hepliaklqana
Kikubaaqudgha
Makhleb
Okawaru
Ru
Vehumet
Wu Jian
Xom
Yredelemnul
Zin
Beogh
Jiyva

Shops:
D:1 (*   D:8 [   Orc:1 (   Orc:2 (*[(

Annotations:
D:5 exclusion: statue


Innate Abilities, Weirdness & Mutations

You have a pair of horns on your head.
You reflexively headbutt those who attack you in melee.


Message History

The wraith is severely damaged.
The wraith completely misses you.
The freezing wraith hits you but does no damage.
The freezing wraith barely misses you.
You slice the wraith!!
You destroy the wraith!
Trog accepts your kill.
The freezing wraith hits you but does no damage.
The freezing wraith closely misses you.
You carve the freezing wraith like a ham!!!
You destroy the freezing wraith!
Trog accepts your kill.
You hear a shout!
You feel a strong urge to attack something.
You are no longer berserk.
You are exhausted.
You feel yourself slow down.
You now have 2587 gold pieces (gained 16).
A centaur comes into view.
The centaur wields a +0 shortbow.
The centaur shoots an arrow.
The arrow barely misses you.
A centaur warrior comes into view.
The centaur warrior shouts!
The centaur warrior wields a +1 longbow of flaming.
It bursts into flame!
The centaur warrior shoots an arrow.
The arrow hits you! The arrow burns you.
The centaur warrior shoots an arrow.
The arrow hits you!
* * * LOW HITPOINT WARNING * * *
The arrow burns you.
* * * LOW HITPOINT WARNING * * *
A centaur comes into view.
Things that are here:
a +0 halberd; a +0 chain mail The centaur warrior shoots an arrow.
The arrow misses you.
The centaur warrior shoots an arrow.
The arrow closely misses you.
The centaur warrior shoots an arrow.
The arrow hits you!!
* * * LOW HITPOINT WARNING * * *
The arrow burns you.
* * * LOW HITPOINT WARNING * * *
The centaur warrior shoots an arrow.
The arrow hits you!
You die...

#.##.##..#
.
#.##.###.#
##.##..#
..##
###..###.#
#.(#
#...##
#.####.#
#.###
#...##.##
#.#
###..#..#
##.#
##....##
####.@#
###...## #
##.)..##
#...#.
#.#..####
##....†
#.c.##
#..#..†
#.c.##
####......
#...#
....(###..
#c#.
#.....<..
.c.#.
#.#.###..
..# # ....
##.


You could see a centaur warrior and a centaur (wandering).

Vanquished Creatures
  Rupert (D:13)
  Kirke (D:13)
  Frances (D:13)
  An orc warlord (Orc:1)
  Azrael (D:12)
  A fire dragon (Lair:6)
  Fannar (D:11)
  The ghost of SanguineChosen the Slicer, a journeyman GrFi (D:13)
  12 hydras
  A boulder beetle (D:12)
  4 two-headed ogres
  2 catoblepae
  A death knight (D:14)
  Erica (Lair:1)
  3 centaur warriors
  6 death yaks (Lair:3)
  Urug (D:10)
  A sun demon (Volcano)
  4 orc high priests (Orc:2)
  Sonja (D:13)
  3 spriggans (D:13)
  Nergalle (D:10)
  A hell knight (Volcano)
  A swamp dragon (Lair:6)
  Pikel (D:4)
  A phantasmal warrior (D:14)
  4 deep elf zephyrmancers (Elf:1)
  A lindwurm (Lair:4)
  2 orc knights
  4 ugly things
  4 deep elf pyromancers
  An orc sorcerer (Orc:1)
  5 cyclopes
  4 manticores
  Maurice (D:12)
  6 black mambas
  A merfolk siren (Lair:4)
  2 elephants (Lair:4)
  A molten gargoyle (Volcano)
  10 cane toads
  5 gargoyles
  16 komodo dragons
  Psyche (D:11)
  4 rime drakes
  A freezing wraith (D:14)
  Prince Ribbit (D:8)
  10 meliai
  2 queen bees
  A red devil (Volcano)
  4 hornets
  11 polar bears
  6 dream sheep (Lair:5)
  27 blink frogs
  A raiju (Lair:6)
  8 slime creatures
  A vampire (D:11)
  A fire bat (Volcano)
  2 wyverns
  A wraith (D:14)
  6 hogs
  25 yaks
  11 vampire mosquitoes
  7 basilisks
  2 fire elementals (D:12)
  16 humans
  2 steam dragons
  18 wargs
  3 nagas (Lair:4)
  4 acid dragons
  Edmund (D:4)
  13 water moccasins
  20 hell hounds
  2 swamp drakes (Lair:6)
  21 orc warriors
  An ice beast (D:5)
  12 black bears
  A hornet zombie (D:7)
  6 ogres
  A necrophage (D:6)
  44 wolves
  A phantom (D:5)
  10 centaurs
  3 kobold brigands
  A lemure (D:4)
  3 elf zombies (Ossuary)
  15 bullfrogs
  2 scorpions
  A wyvern skeleton (D:7)
  48 killer bees
  4 wights (D:8)
  12 howler monkeys
  4 lava snakes (Volcano)
  2 jellies (D:10)
  9 centaur zombies
  5 hounds
  Crazy Yiuf (D:2)
  36 orc priests
  A centaur skeleton (D:7)
  8 iguanas
  24 orc wizards
  Natasha (thrice) (D:2)
  6 hell rats (Lair:4)
  5 hound zombies
  A hound skeleton (D:4)
  3 mummies (Ossuary)
  2 howler monkey zombies
  2 gnolls (D:10)
  5 adders
  A shadow imp (D:5)
  A white imp (D:6)
  An ufetubus (D:7)
  5 adder zombies (Ossuary)
  2 adder skeletons (D:4)
  3 worms
  2 dart slugs (D:1)
  78 orcs
  5 ball pythons
  9 endoplasms
  3 giant cockroaches
  14 goblins
  7 hobgoblins
  3 jackals (D:1)
  16 kobolds
  4 quokkas
  7 bats
  2 frilled lizards
  4 goblin zombies (Ossuary)
  3 hobgoblin zombies (Ossuary)
  4 jackal zombies (Ossuary)
  2 kobold zombies (Ossuary)
  An orc zombie (Ossuary)
  3 quokka zombies (Ossuary)
  7 rats
  3 rat zombies (Ossuary)
825 creatures vanquished.

Vanquished Creatures (others)
  Snorg (D:13)
  An orc wizard (D:13)
  26 fungi
  34 plants
62 creatures vanquished.

Grand Total: 887 creatures vanquished

Notes
Turn   | Place    | Note
-------+----------+-------------------------------------------
     0 | D:1      | clackabat the Minotaur Berserker began the quest for the
                  | Orb.
     0 | D:1      | Reached XP level 1. HP: 19/19 MP: 0/0
    40 | D:1      | Reached skill level 4 in Polearms
   128 | D:1      | Reached XP level 2. HP: 20/26 MP: 1/1
   210 | D:1      | Found Elililach's Antique Weapon Emporium.
   277 | D:1      | Found Huoj's Assorted Antiques.
   668 | D:1      | Reached skill level 5 in Polearms
   787 | D:1      | Found a faded altar of an unknown god.
   934 | D:1      | Reached XP level 3. HP: 27/31 MP: 2/2
  1178 | D:2      | Reached ** piety under Trog
  1190 | D:2      | Noticed Natasha
  1198 | D:2      | Killed Natasha
  1268 | D:2      | Reached skill level 6 in Polearms
  1268 | D:2      | Reached XP level 4. HP: 21/39 MP: 3/3
  1455 | D:2      | Noticed Natasha
  1465 | D:2      | Killed Natasha
  1483 | D:2      | Noticed Natasha
  1491 | D:2      | Killed Natasha
  1885 | D:2      | Reached XP level 5. HP: 40/45 MP: 4/4
  2050 | D:2      | Found a runed translucent door.
  2051 | D:2      | Noticed Crazy Yiuf
  2132 | D:2      | Reached skill level 7 in Polearms
  2433 | D:2      | Killed Crazy Yiuf
  2513 | D:3      | Found a sacrificial altar of Ru.
  2634 | D:3      | Noticed an orc warrior
  2647 | D:3      | Killed an orc warrior
  2648 | D:3      | Reached skill level 8 in Polearms
  2648 | D:3      | Reached XP level 6. HP: 51/51 MP: 5/5
  3140 | D:3      | Reached skill level 9 in Polearms
  3576 | D:4      | Found a sand-covered staircase.
  3584 | Ossuary  | Entered an ossuary
  3602 | Ossuary  | Reached *** piety under Trog
  3639 | Ossuary  | Reached XP level 7. HP: 60/60 MP: 6/6
  3837 | Ossuary  | Reached skill level 10 in Polearms
  3861 | Ossuary  | Reached skill level 5 in Fighting
  4007 | Ossuary  | Reached **** piety under Trog
  4376 | D:4      | Found an ornate altar of the Wu Jian Council.
  4378 | D:4      | Found an iron altar of Okawaru.
  4380 | D:4      | Found a glowing silver altar of Zin.
  4415 | D:4      | Noticed Edmund
  4420 | D:4      | Killed Edmund
  4421 | D:4      | Reached skill level 11 in Polearms
  4421 | D:4      | Reached XP level 8. HP: 70/70 MP: 7/7
  4808 | D:4      | Noticed Pikel
  4831 | D:4      | Killed Pikel
  4832 | D:4      | Reached skill level 12 in Polearms
  5173 | D:5      | Entered Level 5 of the Dungeon
  5514 | D:5      | Reached XP level 9. HP: 78/79 MP: 8/8
  5533 | D:5      | Found a radiant altar of Vehumet.
  6148 | D:6      | Paralysed by a hornet for 1 turns
  6153 | D:6      | Reached skill level 13 in Polearms
  6558 | D:6      | Found an ancient bone altar of Kikubaaqudgha.
  6708 | D:6      | Found a broken altar of Ashenzari.
  7196 | D:7      | Reached skill level 5 in Armour
  7447 | D:7      | Found a staircase to the Ecumenical Temple.
  7476 | D:7      | Noticed a manticore
  7490 | D:7      | Reached skill level 14 in Polearms
  7495 | D:7      | Killed a manticore
  7691 | D:7      | Found a burning altar of Makhleb.
  7840 | D:8      | Reached XP level 10. HP: 79/91 MP: 9/9
  7940 | D:8      | Found Fuhewirura's Armour Emporium.
  8142 | D:8      | Reached skill level 15 in Polearms
  8334 | D:8      | Reached ***** piety under Trog
  8532 | D:8      | Noticed Prince Ribbit
  8540 | D:8      | Killed Prince Ribbit
  8698 | D:8      | Reached skill level 10 in Fighting
  8939 | D:9      | Identified a scroll of acquirement
  8939 | D:9      | Acquired the +1 cloak of Starlight {*Dazzle EV+4 Stlth--}
  8939 | D:9      | Found the +1 cloak of Starlight {*Dazzle EV+4 Stlth--}
  9407 | D:9      | Found a snail-covered altar of Cheibriados.
  9427 | D:9      | Received a gift from Trog
  9512 | D:9      | Noticed a two-headed ogre
  9522 | D:9      | Killed a two-headed ogre
  9878 | D:10     | Entered Level 10 of the Dungeon
  9878 | D:10     | Found a basalt altar of Yredelemnul.
  9878 | D:10     | Found a staircase to the Lair.
  9881 | D:10     | Noticed a gargoyle
  9904 | D:9      | Killed a gargoyle
  9905 | D:9      | Reached XP level 11. HP: 28/101 MP: 10/10
 10324 | D:10     | Found a shimmering altar of Xom.
 10339 | D:10     | Reached skill level 16 in Polearms
 10493 | D:10     | Noticed Nergalle
 10503 | D:10     | Killed Nergalle
 10525 | D:10     | Found a shadowy altar of Dithmenos.
 10597 | D:10     | Found a hazy altar of Hepliaklqana.
 10628 | D:10     | Found an opulent altar of Gozag.
 10679 | D:10     | Noticed Urug
 10691 | D:10     | Killed Urug
 11812 | D:10     | Acquired a manual of Polearms
 12077 | D:11     | Noticed a seven-headed hydra
 12090 | D:11     | Killed a seven-headed hydra
 12293 | Lair:1   | Entered Level 1 of the Lair of Beasts
 12379 | Lair:1   | Reached skill level 17 in Polearms
 12379 | Lair:1   | Reached skill level 5 in Dodging
 12383 | Lair:1   | Noticed Erica
 12414 | Lair:1   | Killed Erica
 12946 | Lair:1   | Identified the +8 hand axe of True Grit {flame, rElec rC-
                  | rN+ Dex+7}
 13833 | Lair:3   | Reached skill level 18 in Polearms
 13953 | Lair:3   | Reached XP level 12. HP: 111/111 MP: 11/11
 14150 | Lair:3   | Found a dark tunnel.
 14160 | Volcano  | Entered a volcano
 14579 | Volcano  | Found a radiant altar of Vehumet.
 14594 | Volcano  | Reached skill level 10 in Armour
 14599 | Volcano  | Reached skill level 19 in Polearms
 15358 | Lair:3   | Noticed a death yak
 15358 | Lair:3   | Noticed a death yak
 15359 | Lair:3   | Noticed a death yak
 15359 | Lair:3   | Noticed a death yak
 15370 | Lair:3   | Noticed a death yak
 15374 | Lair:3   | Noticed a death yak
 15380 | Lair:3   | Killed a death yak
 15393 | Lair:3   | Killed a death yak
 15400 | Lair:3   | Killed a death yak
 15410 | Lair:3   | Killed a death yak
 15411 | Lair:3   | Reached skill level 20 in Polearms
 15421 | Lair:3   | Killed a death yak
 15436 | Lair:3   | Killed a death yak
 15436 | Lair:3   | Received a gift from Trog
 16307 | Lair:4   | Found a staircase to the Snake Pit.
 16380 | Lair:4   | Reached XP level 13. HP: 115/119 MP: 12/12
 16389 | Lair:4   | Reached skill level 21 in Polearms
 16763 | Lair:4   | Found a staircase to the Shoals.
 16772 | Lair:4   | Reached skill level 1 in Throwing
 17118 | Lair:4   | Received a gift from Trog
 17238 | Lair:4   | HP: 1/122 [meliai/+0 war axe (11)]
 17251 | Lair:4   | Reached skill level 22 in Polearms
 17256 | Lair:4   | HP: 8/183 [killer bee (6)]
 17262 | Lair:4   | HP: 9/183 [poisoned by a killer bee]
 18394 | Lair:5   | Received a gift from Trog
 18841 | Lair:5   | Found a viscous altar of Jiyva.
 18841 | Lair:5   | Found a staircase to the Slime Pits.
 18962 | Lair:6   | Entered Level 6 of the Lair of Beasts
 19103 | Lair:6   | Identified the +1 leather armour of Joudwa Xian {rF+ Will+}
 19156 | Lair:6   | Reached skill level 23 in Polearms
 19161 | Lair:6   | Reached XP level 14. HP: 132/132 MP: 13/13
 19552 | Lair:6   | Received a gift from Trog
 19569 | Lair:6   | Reached skill level 5 in Throwing
 19783 | Lair:6   | Reached ****** piety under Trog
 20230 | Lair:6   | Received a gift from Trog
 21407 | D:11     | Identified the +11 hand crossbow "Ryvonnoh" {elec, rF+
                  | Will+ rCorr}
 21450 | D:11     | Noticed Fannar
 21471 | D:11     | Killed Fannar
 21472 | D:11     | Reached skill level 15 in Fighting
 21472 | D:11     | Reached skill level 24 in Polearms
 21709 | D:11     | Noticed Psyche
 21713 | D:11     | Killed Psyche
 22889 | D:12     | Found a staircase to the Orcish Mines.
 23136 | D:13     | Noticed Azrael
 23148 | D:13     | Noticed Rupert
 23148 | D:13     | Found a gate to the Vaults.
 23162 | D:13     | Noticed Maurice
 23601 | D:12     | Killed Maurice
 23806 | D:12     | Killed Azrael
 23815 | D:13     | Reached XP level 15. HP: 104/141 MP: 14/14
 23844 | D:13     | Received a gift from Trog
 24349 | D:13     | Found a runed translucent door.
 24353 | D:13     | Identified the +2 spear of the Nexus {vorpal, Stlth+}
 24360 | D:13     | Noticed SanguineChosen's ghost (journeyman GrFi)
 24374 | D:13     | Killed SanguineChosen's ghost
 24698 | D:13     | Noticed Frances
 24712 | D:13     | Killed Frances
 24714 | D:13     | Paralysed by Rupert for 6 turns
 24723 | D:13     | Killed Rupert
 24728 | D:13     | Noticed Sonja
 25205 | D:13     | Killed Sonja
 25209 | D:13     | Noticed Snorg
 25214 | D:13     | Killed Snorg
 25215 | D:13     | Reached skill level 25 in Polearms
 25254 | D:13     | Noticed Kirke
 25275 | D:13     | Killed Kirke
 25754 | Orc:1    | Entered Level 1 of the Orcish Mines
 25783 | Orc:1    | Received a gift from Trog
 25951 | Orc:2    | Entered Level 2 of the Orcish Mines
 25951 | Orc:2    | Found a staircase to the Elven Halls.
 26314 | Orc:2    | Received a gift from Trog
 26399 | Orc:2    | Found Zudiklav's Weapon Shoppe.
 26399 | Orc:2    | Found Marhinia's Antique Armour Shop.
 26730 | Orc:2    | Found Umowoj's General Store.
 26730 | Orc:2    | Found Vufeolec's Antique Weapon Shop.
 26790 | Orc:2    | Bought a glowing scarf for 264 gold pieces
 27129 | Orc:1    | Noticed an orc warlord
 27131 | Orc:1    | Received a gift from Trog
 27151 | Orc:1    | Killed an orc warlord
 27345 | Orc:1    | Found Zueclaz's Weapon Shop.
 27578 | Elf:1    | Entered Level 1 of the Elven Halls
 27894 | D:14     | Shot with an arrow by a centaur warrior

Illustrated notes

Levels and vault maps discovered:
D:1:      dpeg_arrival_radiant, layout_loops_ring,
          shapermc_ecumenical_altar_mp_highgroup, serial_shops,
          nicolae_shop_advertising_works [nicolae_subvault_shop_adworks],
          nicolae_shop_statue_plus
D:2:      layout_loops_ring, minmay_joined_circles, uniq_natasha,
          uniq_crazy_yiuf_cottage
D:3:      layout_loops_ring, nicolae_ru_awakened_eye
D:4:      layout_loops_ring, minitemple, chequers_ossuary_entry_cave, hex_tiny,
          minmay_misc_feat_columns, nicolae_underground_beach, uniq_edmund,
          uniq_pikel
D:5:      layout_loops_ring, vehumet_statue
D:6:      layout_rooms, kiku_gazebo_garden_becter,
          mainiacjoe_overflow_six_doors_small, kennysheep_generic_room_13
D:7:      layout_rooms, lightli_temple_of_fire, minmay_temple_entry_slanted
D:8:      minmay_flawed_box, layout_gridville, serial_shops, shop_fountains,
          uniq_prince_ribbit1
D:9:      layout_small_grid, slow_altar_2
D:10:     layout_cross, kennysheep_mini, yredelemnul_altar_generic,
          dk_xom_monty_hall, nicolae_dithmenos_through_a_glass_darkly,
          mainiacjoe_overflow_surrounded_room, enter_bailey_7, uniq_nergalle,
          uniq_urug
D:11:     layout_roguey, uniq_psyche, uniq_fannar
D:12:     layout_loops_corners, orc_0_dummy
D:13:     layout_cave_pools, david_vaults_3, special_room [special_room_bee],
          ebering_ghost_funeral_grove, uniq_azrael, uniq_kirke, uniq_maurice,
          uniq_sonja, uniq_snorg, uniq_frances
D:14:     layout_rooms
Lair:1:   gammafunk_indiana_jones, layout_hall_layers,
          nicolae_lair_grove_arrangements, beast_lair_carwin_10, uniq_erica
Lair:2:   layout_loops_ring, hibernation_bobbens, grunt_megastairs_1
Lair:3:   layout_cave_pods, nicolae_volcano_entry_two_sided,
          serial_bayou_pond_a, grunt_megastairs_3, lemuel_fruit_fields
Lair:4:   regret_index_combs_of_tragedy, layout_cave_pods,
          minmay_shoals_entry_lonely_mermaid, minmay_snake_entry_guardpost_small
Lair:5:   layout_long_grid, dpeg_slime_entry_enclosed_altar
Lair:6:   hangedman_lair_caniforms_friends, layout_small_grid,
          guppyfry_lair_end_dragon, chequers_serial_rivers_micro_a
Orc:1:    layout_caves, serial_shops, shop, library_closet
Orc:2:    st_orc_town, layout_caves, uniq_rupert
Elf:1:    minmay_elf_arrival_summoners, layout_geoelf_diagonals,
          hellmonk_ghost_happy_afterlife, evilmike_minifort, minmay_shop_grove,
          uniq_roxanne

Skill      XL: |  1  2  3  4  5  6  7  8  9 10 11 12 13 14 15 |
---------------+----------------------------------------------+-----
Polearms       | 4 5 6 8 9 11 12 14 15 18 20 23 24 25 | 25.6
Fighting       | 4 5 7 9 10 11 12 14 15 16 | 16.5
Armour         | 3 6 8 9 11 12 | 12.7
Dodging        | 3 6 7 9 |  9.9
Throwing       | 4 7 8 |  8.2

Action                   |  1- 3 |  4- 6 |  7- 9 | 10-12 | 13-15 || total
-------------------------+-------+-------+-------+-------+-------++-------
Melee: Spear             |    81 |   150 |   248 |       |       ||   479
       Headbutt          |     9 |    30 |   100 |   170 |   245 ||   554
       Punch             |       |       |     4 |     7 |    11 ||    22
       Trident           |       |       |   181 |   809 |   642 ||  1632
       Halberd           |       |       |       |       |    63 ||    63
       Bardiche          |       |       |       |       |   611 ||   611
Throw: Javelin           |       |       |       |       |     1 ||     1
       Throwing net      |       |       |       |       |     1 ||     1
Invok: Berserk           |     2 |     4 |     3 |     5 |    11 ||    25
       Trog's Hand       |       |       |       |     1 |     6 ||     7
       Brothers in Arms  |       |       |       |       |     1 ||     1
  Use: Scroll            |       |     4 |       |    28 |     5 ||    37
       Potion            |       |       |       |     5 |     2 ||     7
 Stab: Distracted        |     1 |       |       |       |       ||     1
       Sleeping          |     1 |       |       |       |       ||     1
       Invisible         |       |       |       |    21 |    44 ||    65
Armor: Animal skin       |     8 |       |       |       |       ||     8
       Ring mail         |     4 |    33 |    67 |       |       ||   104
       Chain mail        |       |       |    21 |   114 |   212 ||   347
       Fire dragon scale |       |       |       |       |   103 ||   103
Dodge: Dodged            |    42 |    43 |   127 |   426 |  1040 ||  1678
